 Dungeon Crawl Stone Soup version 0.26.1-2-gb8aa6d0cf2 (webtiles) character file.

Game seed: 7453933483234018798

513 Amplified the Covered (level 7, -2/56 HPs)
             Began as a Gnoll Wanderer on Mar 11, 2021.
             Slain by Maggie
             ... wielding a +2 morningstar of distortion
              (15 damage)
             ... on level 6 of the Dungeon.
             The game lasted 00:06:17 (3607 turns).

Amplified the Covered (Gnoll Wanderer)              Turns: 3607, Time: 00:06:17

Health: -2/56      AC: 12    Str: 16    XL:     7   Next: 20%
Magic:  10/10      EV: 10    Int: 15    God:
Gold:   221        SH:  0    Dex: 14    Spells: 10/10 levels left

rFire    . . .     SeeInvis .   a - +0 hand axe
rCold    . . .     Faith    .   (no shield)
rNeg     . . .     Spirit   .   b - +2 scale mail
rPois    .         Reflect  .   (no helmet)
rElec    .         Harm     .   k - +0 cloak
rCorr    .         Rampage  .   (no gloves)
Will     .....                  o - +0 pair of boots
Stlth    +.........             g - amulet of magic regeneration
HPRegen  0.18/turn              (no ring)
MPRegen  0.37/turn              (no ring)

@: mesmerised
A: distributed training, fangs 1, blink, blurry vision 1, clever 1, weak 1,
strong nose
a: Blink


You were on level 6 of the Dungeon.
You visited 1 branch of the dungeon, and saw 6 of its levels.

You collected 221 gold pieces.

Inventory:

Hand Weapons
 a - a +0 hand axe (weapon)
 d - a +0 hunting sling
Missiles
 e - 219 stones
 i - 11 poisoned darts (quivered)
Armour
 b - a +2 scale mail (worn)
 k - a +0 cloak (worn)
 o - a +0 pair of boots (worn)
Jewellery
 f - an uncursed ring of fire
 g - an amulet of magic regeneration (around neck)
Scrolls
 j - a scroll of magic mapping


   Skills:
 + Level 5.1 Fighting
 + Level 2.3 Short Blades
 + Level 2.3 Long Blades
 + Level 5.1 Axes
 + Level 2.3 Maces & Flails
 + Level 2.3 Polearms
 + Level 2.3 Staves
 + Level 2.3 Slings
 + Level 3.5 Bows
 + Level 2.3 Crossbows
 + Level 3.5 Throwing
 + Level 7.0 Armour
 + Level 2.3 Dodging
 + Level 2.3 Stealth
 + Level 2.3 Shields
 + Level 2.3 Unarmed Combat
 + Level 2.3 Spellcasting
 + Level 1.9 Conjurations
 + Level 1.9 Hexes
 + Level 1.9 Summonings
 + Level 1.9 Necromancy
 + Level 1.9 Translocations
 + Level 1.9 Transmutations
 + Level 1.9 Fire Magic
 + Level 1.9 Ice Magic
 + Level 1.9 Air Magic
 + Level 1.9 Earth Magic
 + Level 1.9 Poison Magic
 + Level 2.5 Invocations
 + Level 3.5 Evocations


You had 10 spell levels left.
You didn't know any spells.
Your spell library was empty.

Dungeon Overview and Level Annotations

Branches:
Dungeon (6/15)
 Temple: D:4-7

Altars:

Shops:
D:4 }*   D:6 (

Annotations:
D:5 Duvessa
D:6 1 runed translucent door, Maggie; Paulthewizard's ghost, novice MfVM; Pikel


Innate Abilities, Weirdness & Mutations

Your experience applies equally to all skills.
You have very sharp teeth.
Your uncanny sense of smell can sniff out nearby items.
You can translocate small distances at will.
Scrolls take you a little longer to read.
Your mind is acute. (Int +2)
You are weak. (Str -2)


Message History

The lemure barely misses you.
Pikel hits you with a +2 whip of flaming.
Pikel burns you.
Unknown command.
You hit Maggie.
Maggie is heavily wounded.
You hit the lemure. You hit Pikel. You hit the lemure.
Maggie gestures at you while chanting. The bolt of fire hits you.
* * * LOW HITPOINT WARNING * * *
The lemure closely misses you. The lemure completely misses you.
Pikel closely misses you.
Unknown command.
Unknown command.
Unknown command.
You feel better.
Maggie hits you with a +2 morningstar of distortion!
* * * LOW HITPOINT WARNING * * *
Space warps horribly around you!
You die...

.....#...######.###.###.# #.#
.##.###.## #.........# #.# **##*
#.# #####.##### #.# ,* #.# #.#
####(# ,* ##+#* #.# #..... ,*
##...## ##.# #.##.# ,* ##.....##
##.<# #.##.# ,*##.......## ##K.##
#.....
,*#.........####@55#########.#...
,,+.........'...5@(.....5@.......
**#.........####..(#########.....
*#.......######..#### ##.#.#
##.....## #........# #.###
##...## #.###.##.# #.# * ##+##
#.# #..#,# #5# * *,* #)####.#.*
#.# * *,* ***#........* #5#


You could see Maggie (mesmerising, poisoned), Pikel and 3 lemures.

Vanquished Creatures
  A black bear (D:6)
  A centaur (D:6)
  A bullfrog (D:6)
  A centaur zombie (D:5)
  A jelly (D:5)
  2 orc priests
  2 orc wizards
  4 adders
  3 oozes
  4 worms
  2 dart slugs
  3 leopard geckos
  6 orcs
  7 bats
  5 giant cockroaches
  6 goblins
  4 hobgoblins
  6 jackals
  9 kobolds
  3 quokkas
  A ball python (D:2)
  2 frilled lizards (D:1)
  9 rats
83 creatures vanquished.

Vanquished Creatures (others)
  4 toadstools (D:1)
4 creatures vanquished.

Grand Total: 87 creatures vanquished

Notes
Turn   | Place    | Note
-------+----------+-------------------------------------------
     0 | D:1      | Amplified the Gnoll Wanderer began the quest for the Orb.
     0 | D:1      | Amplified set off with the following items: a +0 hand axe,
                  | a +2 scale mail, a potion of curing
     0 | D:1      | Reached XP level 1. HP: 20/20 MP: 1/1
    53 | D:1      | Reached XP level 2. HP: 26/26 MP: 2/2
   128 | D:1      | You fall into a shaft and drop 1 floor!
   308 | D:1      | Reached XP level 3. HP: 30/31 MP: 3/3
   794 | D:1      | Reached skill level 1 in Invocations
  1051 | D:2      | Reached skill level 1 in Short Blades
  1051 | D:2      | Reached skill level 1 in Long Blades
  1051 | D:2      | Reached skill level 1 in Maces & Flails
  1051 | D:2      | Reached skill level 1 in Polearms
  1051 | D:2      | Reached skill level 1 in Staves
  1051 | D:2      | Reached skill level 1 in Slings
  1051 | D:2      | Reached skill level 1 in Crossbows
  1051 | D:2      | Reached skill level 1 in Dodging
  1051 | D:2      | Reached skill level 1 in Stealth
  1051 | D:2      | Reached skill level 1 in Shields
  1051 | D:2      | Reached skill level 1 in Unarmed Combat
  1051 | D:2      | Reached skill level 1 in Spellcasting
  1253 | D:2      | Reached XP level 4. HP: 38/38 MP: 5/5
  1979 | D:3      | Reached skill level 1 in Conjurations
  1979 | D:3      | Reached skill level 1 in Hexes
  1979 | D:3      | Reached skill level 1 in Summonings
  1979 | D:3      | Reached skill level 1 in Necromancy
  1979 | D:3      | Reached skill level 1 in Translocations
  1979 | D:3      | Reached skill level 1 in Transmutations
  1979 | D:3      | Reached skill level 1 in Fire Magic
  1979 | D:3      | Reached skill level 1 in Ice Magic
  1979 | D:3      | Reached skill level 1 in Air Magic
  1979 | D:3      | Reached skill level 1 in Earth Magic
  1979 | D:3      | Reached skill level 1 in Poison Magic
  2185 | D:3      | Reached XP level 5. HP: 41/43 MP: 6/6
  2640 | D:4      | Found Wuaf's Gadget Shop.
  2829 | D:4      | Found Edytak's Assorted Antiques.
  2831 | D:5      | Entered Level 5 of the Dungeon
  2904 | D:5      | Noticed Duvessa
  2912 | D:5      | Reached XP level 6. HP: 31/50 MP: 8/8
  2963 | D:6      | Found a runed translucent door.
  2965 | D:6      | Noticed Paulthewizard's ghost (novice MfVM)
  3026 | D:6      | Noticed a black bear
  3040 | D:6      | Killed a black bear
  3041 | D:6      | Reached skill level 5 in Fighting
  3041 | D:6      | Reached skill level 5 in Axes
  3276 | D:6      | Reached XP level 7. HP: 38/56 MP: 10/10
  3280 | D:6      | Found Telauhod's Weapon Shoppe.
  3489 | D:6      | Noticed Maggie
  3501 | D:6      | Reached skill level 7 in Armour
  3514 | D:6      | Noticed Pikel
  3586 | D:5      | Gained mutation: You can translocate small distances at
                  | will. [potion of mutation]
  3586 | D:5      | Gained mutation: Scrolls take you a little longer to read.
                  | [potion of mutation]
  3586 | D:5      | Gained mutation: You are weak. (Str -2) [potion of
                  | mutation]
  3586 | D:5      | Gained mutation: Your mind is acute. (Int +2) [potion of
                  | mutation]
  3607 | D:6      | Slain by Maggie

Illustrated notes

Levels and vault maps discovered:
D:1:      ldierk_walled_garden_2, layout_loops_cross,
          chequers_serial_rivers_micro_e, dk_noncrumbling_3
D:2:      layout_basic
D:3:      layout_rooms, ebering_dispersal_statue_hall, kennysheep_cross_room
D:4:      layout_basic, minmay_temple_entry_hall, serial_shops, shop_scrolls,
          shop, shop, shop, nicolae_shop_behind_doors, grunt_ministairs_15
D:5:      layout_rooms, serial_rivers, chequers_serial_rivers_marsh,
          chequers_serial_rivers_room_b, chequers_serial_rivers_micro_c,
          chequers_serial_rivers_room_a, chequers_serial_rivers_small_b,
          minmay_manual_mares, uniq_ijyb, uniq_duvessa
D:6:      layout_loops_corners, dancing_weapons_uskayaw, ebering_ghost_sewer_d,
          serial_shops, kennysheep_mini_moat, uniq_pikel, uniq_maggie

Skill      XL: |  1  2  3  4  5  6  7 |
---------------+----------------------+-----
Invocations    | 1 2 |  2.5
Short Blades   | 1 2 |  2.3
Long Blades    | 1 2 |  2.3
Maces & Flails | 1 2 |  2.3
Polearms       | 1 2 |  2.3
Staves         | 1 2 |  2.3
Slings         | 1 2 |  2.3
Crossbows      | 1 2 |  2.3
Dodging        | 1 2 |  2.3
Stealth        | 1 2 |  2.3
Shields        | 1 2 |  2.3
Unarmed Combat | 1 2 |  2.3
Spellcasting   | 1 2 |  2.3
Conjurations   | 1 |  1.9
Hexes          | 1 |  1.9
Summonings     | 1 |  1.9
Necromancy     | 1 |  1.9
Translocations | 1 |  1.9
Transmutations | 1 |  1.9
Fire Magic     | 1 |  1.9
Ice Magic      | 1 |  1.9
Air Magic      | 1 |  1.9
Earth Magic    | 1 |  1.9
Poison Magic   | 1 |  1.9
Bows           | 3 |  3.5
Throwing       | 3 |  3.5
Evocations     | 3 |  3.5
Fighting       | 5 |  5.1
Axes           | 5 |  5.1
Armour         | 7 |  7.0

Action                   |  1- 3 |  4- 6 |  7- 9 || total
-------------------------+-------+-------+-------++-------
Melee: Hand axe          |   120 |   160 |    25 ||   305
       Bite              |    10 |    18 |     4 ||    32
       Punch             |     1 |     1 |       ||     2
 Fire: Hunting sling     |     2 |       |       ||     2
Throw: Stone             |     1 |       |       ||     1
       Dart              |       |     5 |     4 ||     9
 Abil: Blink             |       |       |     1 ||     1
  Use: Potion            |     1 |     4 |     5 ||    10
       Scroll            |     2 |     5 |     1 ||     8
 Stab: Distracted        |       |       |     1 ||     1
Armor: Scale mail        |    65 |    96 |    21 ||   182
Dodge: Dodged            |    54 |    80 |    36 ||   170
